 Dungeon Sprint DCSS version 0.19.5 (webtiles) character file.

121 equalderp2856 the Summoner (level 4, -2/18 HPs)
             Began as a Felid Summoner on Mar 8, 2017.
             Slain by a black bear (7 damage)
             ... in the Dungeon (Sprint VII: "The Pits").
             The game lasted 00:03:16 (773 turns).

equalderp2856 the Summoner (Felid Summoner)          Turns: 773, Time: 00:03:17

Health: -2/18      AC:  1    Str:  4    XL:     4   Next: 76%
Magic:  9/11       EV: 20    Int: 16    God:
Gold:   0          SH:  0    Dex: 18    Spells: 1 memorised, 11 levels left
                                        Lives:  0   Deaths: 1

rFire  . . .     SeeInvis +       - Unarmed
rCold  . . .     Gourm    .     (armour unavailable)
rNeg   . . .     Faith    .     (shield unavailable)
rPois  .         Spirit   .     (helmet unavailable)
rElec  .         Reflect  .     (cloak unavailable)
rCorr  .         Harm     .     (gloves unavailable)
MR     .....     NoTele   +     (boots unavailable)
Stlth  ++++......               (no amulet)
                                (no ring)
                                (no ring)

@: quick
A: no armour, no weapons or thrown items, stealth, claws 1, fangs 3, see
invisible, carnivore 3, speed 1, shaggy fur 1, slow metabolism 1, sharp paws
a: no special abilities


You were in the Dungeon.
You were not hungry.

You visited 1 branch

Inventory:

Scrolls
 h - a scroll of blinking
 j - 3 scrolls of remove curse
 k - 5 scrolls of amnesia
 l - a scroll of summoning
Potions
 c - 6 potions of curing
 d - 6 potions of heal wounds
 e - a potion of haste
 f - 4 potions of magic
 g - 3 potions of berserk rage
 i - 2 potions of invisibility
Books
 a - a book of Callings

   Spells                             Type                      Level
   a - Summon Small Mammal            Summoning                    1
   b - Call Imp                       Summoning                    2
   c - Call Canine Familiar           Summoning                    3
   d - Summon Guardian Golem          Hexes/Summoning              3
   e - Summon Lightning Spire         Summoning/Air                4
   f - Summon Ice Beast               Ice/Summoning                4
Comestibles
 b - 8 meat rations


   Skills:
 + Level 4.9 Dodging
 + Level 5.8 Stealth
 + Level 3.4 Unarmed Combat
 + Level 4.9 Spellcasting
 + Level 9.9 Summonings


You had 11 spell levels left.
You knew the following spells:

 Your Spells              Type           Power        Failure   Level  Hunger
a - Summon Small Mammal   Summ           ####         1%          1    None


Dungeon Overview and Level Annotations

Branches:
Dungeon (1/1)

Altars:
Ashenzari
Cheibriados
Dithmenos
Elyvilon
Fedhas
Gozag
Hepliaklqana
Kikubaaqudgha
Makhleb
Nemelex Xobeh
Okawaru
Qazlal
Ru
Sif Muna
Trog
Uskayaw
Vehumet
Xom
Yredelemnul
Zin
The Shining One
Beogh
Jiyva
Lugonu


Innate Abilities, Weirdness & Mutations

You cannot wear armour.
You are incapable of wielding weapons or throwing items.
Your paws allow you to move quietly. (Stealth)
You have sharp claws.
You have razor-sharp teeth.
You have supernaturally acute eyesight. (SInv)
You are carnivorous and can eat meat at any time.
You cover ground quickly.
You are covered in fur. (AC +1)
You have a slow metabolism.
Your sharp claws are effective at attacking unaware monsters.


Message History

Casting: Summon Small Mammal
Confirm with . or Enter, or press ? or * to list all spells.
Your quokka bites the orc.
The orc hits your quokka with a flail of draining.
The black bear misses you. The black bear closely misses you. x2
Your quokka bites the orc.
Your quokka barely misses the orc.
Your quokka bites the black bear.
Something hits your quokka but does no damage.
Your quokka closely misses the orc.
You barely miss the black bear.
The black bear is almost dead.
The black bear bites you. The black bear misses you.
The black bear closely misses you.
Your quokka closely misses the black bear.
The black bear bites you!
Ouch! That really hurt!
* * * LOW HITPOINT WARNING * * *
The black bear claws you!
You die...

#..†.o...o........o..
#..################.. #..# #..
#.o# #.. #.§# #h. #§o# +.. #r.#
#o. #.o################..
#############.rh@.........o......
#__________##...........o...h....
#__________###########''#########
#____#####'###########o'######
######)))#.##........o.o.....#
#%?(.')))'.##......#..#......#
##########.##................+
#......o....o................+
#'#####o#####......#..#......#


You could see a black bear (berserk), an orc and 2 friendly quokkas.

Vanquished Creatures
  A floating eye (D)
  A worker ant (D)
  A gnoll (D)
  An ooze (D)
  2 jackals (D)
  A rat (D)
7 creatures vanquished.

Vanquished Creatures (collateral kills)
  A hungry ghost (D)
  An iron imp (D)
  A gnoll (D)
  An adder skeleton (D)
  A goblin (D)
  A hobgoblin (D)
  2 jackals (D)
8 creatures vanquished.

Grand Total: 15 creatures vanquished

Notes
Turn   | Place    | Note
-------+----------+-------------------------------------------
     0 | D        | equalderp2856 the Felid Summoner began the quest for the Orb.
     0 | D        | Reached XP level 1. HP: 7/7 MP: 4/4
    11 | D        | Noticed a floating eye
    16 | D        | Paralysed by a floating eye for 3 turns
    22 | D        | Killed a floating eye
    22 | D        | Reached skill level 1 in Unarmed Combat
    22 | D        | Reached skill level 8 in Summonings
    22 | D        | Reached XP level 2. HP: 11/11 MP: 5/7
    22 | D        | Reached XP level 3. HP: 14/14 MP: 5/8
    22 | D        | Reached XP level 4. HP: 18/18 MP: 5/9
    63 | D        | Reached skill level 5 in Stealth
    83 | D        | Reached skill level 9 in Summonings
   370 | D        | Noticed a hungry ghost
   405 | D        | Killed a hungry ghost
   405 | D        | Reached XP level 5. HP: 14/21 MP: 1/12
   576 | D        | Found a radiant altar of Vehumet.
   576 | D        | Found a hide-covered altar of Uskayaw.
   576 | D        | Found an ancient bone altar of Kikubaaqudgha.
   576 | D        | Found a viscous altar of Jiyva.
   576 | D        | Found a hazy altar of Hepliaklqana.
   577 | D        | Found a bloodstained altar of Trog.
   577 | D        | Found a deep blue altar of Sif Muna.
   577 | D        | Found a sacrificial altar of Ru.
   577 | D        | Found a stormy altar of Qazlal.
   577 | D        | Found an iron altar of Okawaru.
   577 | D        | Found a sparkling altar of Nemelex Xobeh.
   577 | D        | Found an opulent altar of Gozag.
   577 | D        | Found a blossoming altar of Fedhas.
   577 | D        | Found a white marble altar of Elyvilon.
   577 | D        | Found a shadowy altar of Dithmenos.
   577 | D        | Found a snail-covered altar of Cheibriados.
   578 | D        | Found a glowing golden altar of the Shining One.
   578 | D        | Found a glowing silver altar of Zin.
   580 | D        | Found a roughly hewn altar of Beogh.
   580 | D        | Found a burning altar of Makhleb.
   580 | D        | Found a basalt altar of Yredelemnul.
   581 | D        | Found a shattered altar of Ashenzari.
   581 | D        | Found a corrupted altar of Lugonu.
   581 | D        | Found a shimmering altar of Xom.
   614 | D        | Noticed a black bear
   614 | D        | Noticed a centaur
   760 | D        | Slain by a black bear
   761 | D        | Reached XP level 4. HP: -2/18 MP: 2/11
   773 | D        | Slain by a black bear

Skill      XL: |  1  2  3  4 |
---------------+-------------+-----
Dodging        | 3 4 |  4.9
Stealth        | 4 5 |  5.8
Unarmed Combat | 1 3 |  3.4
Spellcasting   | 3 4 |  4.9
Summonings     | 8 9 |  9.9

Action                   |  1- 3 |  4- 6 || total
-------------------------+-------+-------++-------
Melee: Unarmed           |     7 |    36 ||    43
       Bite              |     2 |     3 ||     5
 Cast: Summon Small Mamm |       |    51 ||    51
 Stab: Sleeping          |     1 |     2 ||     3
  Eat: Chunk             |       |     2 ||     2
Dodge: Dodged            |       |    50 ||    50
